 Dungeon Crawl Stone Soup version 0.31.0-11-ge490571c62 (webtiles) character file.

Game seed: 17734803406925470940

1312 Persephone the Ruffian (level 8, 0/42 HPs)
             Began as a Vine Stalker Fighter on Jan 26, 2024.
             Was an Initiate of Okawaru.
             Slain by an orc warrior
             ... wielding a +0 glaive
              (15 damage)
             ... in a bailey.
             The game lasted 00:10:46 (5215 turns).

Persephone the Ruffian (Vine Stalker Fighter)       Turns: 5215, Time: 00:10:47

Health: 0/42       AC: 15    Str: 21    XL:     8   Next: 58%
Magic:  0/9        EV: 12    Int:  8    God:    Okawaru [......]
Gold:   316        SH:  6    Dex: 14    Spells: 7/7 levels left

rFire   . .          .
                       - Unarmed
rCold   . . .        b - +0 buckler
rNeg    + . .        w - +5 scale mail of Dodar {rPois}
rPois   +            (no helmet)
rElec   .            t - +1 cloak {Will+}
rCorr   .            (no gloves)
SInv    .            (no boots)
Will    ++...        a - amulet "Ofuas" {rN+ Regen+}
Stlth   ++           k - ring of poison resistance
HPRegen 1.87/turn    (no ring)
MPRegen 0.11/turn

%: guardian spirit
@: heroic
A: fangs 3, regeneration 1, magic shield, antimagic bite, no potion heal 2
a: Renounce Religion


You were in a bailey.
You worshipped Okawaru.
Okawaru was noncommittal.
You visited 2 branches of the dungeon, and saw 8 of its levels.
You also visited: Bailey.

You collected 316 gold pieces.

Inventory:

Missiles
 q - 7 boomerangs (quivered)
Armour
 b - a +0 buckler (worn)
 t - a +1 cloak of willpower (worn)
 w - the +5 scale mail of Dodar (worn) {rPois}
   (You found it on level 4 of the Dungeon)

   rPois:     It protects you from poison
Jewellery
 a - the amulet "Ofuas" (around neck) {rN+ Regen+}
   (You acquired it on level 4 of the Dungeon)

   [amulet of regeneration]

   rN+:       It protects you from negative energy.
   Regen+:    It increases your rate of health regeneration.
 k - a ring of poison resistance (left hand)
 y - a ring of ice
 A - a ring of ice
Scrolls
 d - a scroll of fear
 f - a scroll of identify
 l - 2 scrolls of teleportation
 m - 2 scrolls of poison
 o - 4 scrolls of amnesia
 u - 2 scrolls of fog
 v - 2 scrolls of blinking
Potions
 c - a potion of haste {unknown}
 e - a potion of cancellation {unknown}
 g - a potion of berserk rage {unknown}
 h - 2 potions of curing {unknown}
 i - 2 potions of heal wounds {unknown}
 j - a potion of degeneration {unknown}
 n - 3 potions of lignification {unknown}
 p - 2 potions of brilliance {unknown}
 r - a potion of attraction {unknown}
 x - a potion of magic {unknown}


   Skills:
 + Level 4.9(9.9) Fighting
 + Level 4.4(9.4) Armour
 + Level 4.9(9.9) Shields
 * Level 6.7(11.7) Unarmed Combat


You had 7 spell levels left.
You didn't know any spells.
Your spell library was empty.

Dungeon Overview and Level Annotations

Branches:
Dungeon (7/15)             Temple (1/1) D:6          Bailey (1/1)

Altars:
Ashenzari
Cheibriados
Dithmenos
Gozag
Hepliaklqana
Kikubaaqudgha
Nemelex Xobeh
Okawaru
Qazlal
Ru
Trog
Xom
Yredelemnul
Zin
The Shining One

Shops:
D:3 [

Annotations:
D:4 1 runed translucent door, tymior's ghost, amateur TeAE
Temple 2 transporters


Innate Abilities, Weirdness & Mutations

You have razor-sharp teeth.
Your natural rate of healing is unusually fast.
When hurt, damage is shared between your health and your magic reserves.
Your bite disrupts and absorbs the magic of your enemies.
Potions cannot restore your health.


Message History

You hit the orc but do no damage. The orc closely misses you.
You punch the orc!
You kill the orc!
You hear a splash. x2
You enter the shallow water.
Moving in this stuff is going to be slow.
Things that are here:
a +0 halberd; a +0 chain mail You enter the shallow water.
Moving in this stuff is going to be slow.
Things that are here:
a +3 glaive; a +0 chain mail; an orc corpse You open the door.
Auto kill stopped - Too dangerous: Extremely Dangerous (0) Dangerous (3) Easy (0) Harmless (0) 3 orc warriors come into view.
The orc warrior shouts! x3
An orc warrior comes into view. It is wielding a +0 halberd.
Found a gate leading back out of this place.
The orc warrior barely misses you.
The orc warrior hits you from afar with a +0 glaive!
The orc warrior hits you with a +0 glaive!
You are too injured to fight recklessly!
You are too injured to fight recklessly!
You are too injured to fight recklessly!
You are too injured to fight recklessly!
You are too injured to fight recklessly!
You gain the combat prowess of a mighty hero.
You can no longer gain great but temporary skills.
The orc warrior closely misses you.
The orc warrior hits you with a +0 glaive.
You hit the orc warrior but do no damage.
You block the orc warrior's attack.
The orc warrior hits you with a +0 glaive.
You hit the orc warrior but do no damage.
The orc warrior misses you. The orc warrior closely misses you.
You punch the orc warrior! Your bite misses the orc warrior.
The orc warrior is heavily wounded.
The orc warrior hits you from afar with a +0 glaive!
The orc warrior hits you with a +0 glaive!
You die...

#.$.# ≈≈...§. ##.##
≈...⌠.. #+#. ...⌠∩⌠. #.
≈§o.... ## .≈≈§≈ # o..
#########o###+###########
........@##.....##.).....
~~~~~~~~..##.∩.##..~~~~~~
.......~~..## ##..~~.....
######..~~..###..~)..####
##..~~.....)~..##
##..~~~~~~~..##
##.........## ###########


You could see 3 orc warriors.

Vanquished Creatures
  Sigmund (D:2)
  2 orc warriors (Bailey)
  2 ice beasts (D:6)
  A centaur (D:6)
  A phantom (D:5)
  A gnoll sergeant (D:6)
  2 scorpions
  A howler monkey (D:4)
  A bombardier beetle (D:6)
  3 hounds
  A jelly (D:6)
  2 sleepcaps
  Terence (D:2)
  A mummy (D:5)
  4 gnolls (D:6)
  6 adders
  2 white imps (D:6)
  3 dart slugs
  4 orcs
  3 endoplasms
  A giant cockroach (D:3)
  3 hobgoblins
  4 quokkas
  5 ball pythons
  10 bats
  10 frilled lizards
  6 goblins
  2 hobgoblin zombies (D:5)
  6 kobolds
  A kobold zombie (D:5)
  An orc zombie (D:5)
  7 rats
98 creatures vanquished.

Notes
Turn   | Place    | Note
-------+----------+-------------------------------------------
     0 | D:1      | Persephone the Vine Stalker Fighter began the quest for the
                  | Orb.
     0 | D:1      | Reached XP level 1. HP: 11/11 MP: 2/2
   334 | D:1      | Reached XP level 2. HP: 16/16 MP: 3/3
   719 | D:2      | Upgraded the game from 0.31.0-10-gcf4a605ca0 to
                  | 0.31.0-11-ge490571c62
   848 | D:2      | Noticed Sigmund
   859 | D:2      | Killed Sigmund
   860 | D:2      | Reached skill level 3 in Unarmed Combat
   860 | D:2      | Reached XP level 3. HP: 18/20 MP: 4/4
   860 | D:2      | Reached XP level 4. HP: 21/24 MP: 5/5
   860 | D:2      | Reached XP level 5. HP: 25/28 MP: 6/6
  1181 | D:2      | Noticed Terence
  1198 | D:2      | Killed Terence
  1199 | D:2      | Reached skill level 4 in Unarmed Combat
  2036 | D:3      | Reached XP level 6. HP: 27/32 MP: 7/7
  2070 | D:3      | Found Caebeu's Armour Emporium.
  2694 | D:4      | Identified the +5 scale mail of Dodar {rPois}
  2698 | D:4      | Found a runed translucent door.
  2699 | D:4      | Noticed tymior's ghost (amateur TeAE)
  2976 | D:4      | Identified a scroll of acquirement
  2976 | D:4      | Acquired the amulet "Ofuas" {rN+ Regen+}
  2997 | D:5      | Entered Level 5 of the Dungeon
  3436 | D:5      | Reached skill level 5 in Unarmed Combat
  3436 | D:5      | Reached XP level 7. HP: 37/37 MP: 8/8
  4187 | D:6      | Found a staircase to the Ecumenical Temple.
  4214 | Temple   | Found a transporter.
  4214 | Temple   | Found a transporter.
  4214 | Temple   | Found a transporter.
  4214 | Temple   | Found a transporter.
  4214 | Temple   | Entered the Ecumenical Temple
  4240 | Temple   | Became a worshipper of Warmaster Okawaru
  4424 | D:6      | Reached skill level 6 in Unarmed Combat
  4424 | D:6      | Gained mutation: You have razor-sharp teeth. [Vine Stalker
                  | growth]
  4424 | D:6      | Reached XP level 8. HP: 42/42 MP: 9/9
  5039 | D:7      | Found a flagged portal.
  5051 | Bailey   | Entered a bailey
  5142 | Bailey   | Reached * piety under Okawaru
  5215 | Bailey   | Slain by an orc warrior

Illustrated notes

Levels and vault maps discovered:
D:1:      lemuel_arrival_funnel, layout_basic, chequers_serial_rivers_small_3
D:2:      layout_basic, uniq_terence, uniq_sigmund
D:3:      layout_loops_ring, serial_shops, nicolae_shop_back_alley_shop,
          hex_tiny
D:4:      layout_gridville, gammafunk_ghost_grave, minmay_misc_feat_nine_boxes,
          minmay_misc_feat_more_columns, dk_noncrumbling_3
D:5:      layout_loops_corners, minmay_mini_ossuary
D:6:      layout_cave_pods, minmay_temple_entry_wispy, roderic_malta_cross
D:7:      layout_layer_cave, mainiacjoe_overflow_six_doors_small,
          chequers_temple_overflow_minitemple, enter_bailey_3, minivault_19
Temple:   hellmonk_temple_divided_pantheon
Bailey:   bailey_polearm_1, bailey

Skill      XL: |  1  2  3  4  5  6  7 |
---------------+----------------------+-----
Fighting       | 3 4 |  4.9
Armour         | 3 4 |  4.4
Shields        | 3 4 |  4.9
Unarmed Combat | 3 4 5 6 |  6.7

Action                     |  1- 3 |  4- 6 |  7- 9 || total
---------------------------+-------+-------+-------++-------
  Melee: Unarmed           |    54 |   183 |   150 ||   387
         Bite              |     8 |    53 |    45 ||   106
 Invoke: Heroism           |       |       |     1 ||     1
    Use: Potion            |     1 |       |     1 ||     2
         Scroll            |       |     5 |     5 ||    10
 Armour: Scale mail        |    37 |    55 |   109 ||   201
         Plate armour      |       |    49 |       ||    49
  Dodge: Dodged            |    29 |    54 |    72 ||   155
  Block: Buckler           |     9 |    40 |    31 ||    80
